 Dungeon Crawl Stone Soup version 0.28-a0-909-g796cbd3a86 (webtiles) character file.

Game seed: 13400150200444679870

21 ytrimaz the Ducker (level 2, -1/31 HPs)
             Began as an Octopode Berserker on Nov 24, 2021.
             Was a Follower of Trog.
             Slain by a quokka (3 damage)
             ... on level 2 of the Dungeon.
             The game lasted 00:01:38 (889 turns).

ytrimaz the Ducker (Octopode Berserker)              Turns: 889, Time: 00:01:39

Health: -1/31      AC:  1    Str: 16    XL:     2   Next: 87%
Magic:  2/2        EV: 13    Int:  9    God:    Trog [*.....]
Gold:   41         SH:  0    Dex: 11    Spells: 1/1 levels left

rFire   . . .      SeeInvis .     - Unarmed
rCold   . . .      Faith    .   (no shield)
rNeg    . . .      Spirit   .   (helmet restricted)
rPois   .          Reflect  .   (no amulet)
rElec   .          Harm     .   (no ring)
rCorr   .          Rampage  .   (no ring)
Will    .....                   (no ring)
Stlth   ..........              (no ring)
HPRegen 0.10/turn               (no ring)
MPRegen 0.08/turn               (no ring)
                                (no ring)
                                (no ring)

@: berserking, very quick
A: almost no armour, amphibious, 8 rings, camouflage 1, gelatinous body 1,
(nimble swimmer 1), tentacles
a: Renounce Religion, Berserk


You were on level 2 of the Dungeon.
You worshipped Trog.
Trog was aware of your devotion.
You visited 1 branch of the dungeon, and saw 2 of its levels.

You collected 41 gold pieces.

Inventory:

Jewellery
 b - a +6 ring of intelligence
Potions
 a - 2 potions of lignification {unknown}
 c - a potion of heal wounds {unknown}
 d - 2 potions of invisibility {unknown}
 e - a potion of curing {unknown}


   Skills:
 * Level 3.2 Fighting
 * Level 3.3 Dodging
 * Level 1.0 Stealth
 + Level 3.3 Unarmed Combat


You had one spell level left.
You didn't know any spells.
Your spell library was empty.

Dungeon Overview and Level Annotations

Branches:
Dungeon (2/15)

Altars:


Innate Abilities, Weirdness & Mutations

You cannot wear most types of armour.
You are amphibious.
You can wear up to eight rings at the same time.
Your skin changes colour to match your surroundings (Stealth+).
Your rubbery body absorbs attacks. (AC +1, EV +1)
((You are camouflaged near water. (Stealth+)))
You have tentacles for arms and can constrict up to eight enemies at once.


Message History

A quokka is nearby!
A goblin comes into view. It is wielding a +0 dagger.
A giant cockroach comes into view.
Found 8 gold pieces.
You see here 12 stones.
The quokka twitches its whiskers.
The quokka bites you.
The goblin shouts!
You barely miss the goblin. Your grab misses the goblin.
The goblin hits you with a +0 dagger. The quokka barely misses you.
You barely miss the goblin. Your grab misses the goblin.
Your squeeze misses the goblin. The goblin misses you. The quokka misses you.
The quokka bites you but does no damage.
You completely miss the goblin. Your grab misses the goblin.
Your squeeze misses the goblin. The quokka closely misses you.
The goblin barely misses you.
You tentacle-slap the goblin. Your grab misses the goblin.
The goblin is severely wounded.
The quokka bites you. The goblin closely misses you. The quokka bites you.
You tentacle-slap the goblin but do no damage.
Your grab misses the goblin. Your squeeze misses the goblin.
The goblin is severely wounded.
The goblin hits you with a +0 dagger.
* * * LOW HITPOINT WARNING * * *
The quokka bites you.
* * * LOW HITPOINT WARNING * * *
Unknown command.
The goblin misses you. The quokka bites you.
* * * LOW HITPOINT WARNING * * *
A red film seems to cover your vision as you go berserk!
You feel yourself moving faster!
You feel mighty! The quokka closely misses you. The goblin barely misses you.
You closely miss the goblin. You grab the goblin. You squeeze the goblin.
You kill the goblin!
Trog accepts your kill. The quokka misses you.
Unknown command.
You barely miss the quokka. Your grab misses the quokka. The quokka bites you.
You die...

.. .............
..........#....
...##..#..#$.###
.......#..#..#.# #
..#..........#.#.##
...................
................... ..#
...........rB### ## #.#
.......#(##)@..# ..# #.#
####...._..#.###.###.###.####
.....#......................
......###...................#
......###....#.#.###.# #....#
.............#.#.#...# #....#
......####...###.###.###.#..#
#................##.#
#..............####.#


You could see a quokka and a giant cockroach.

Vanquished Creatures
  3 bats
  An endoplasm (D:1)
  A giant cockroach (D:1)
  2 goblins
  3 hobgoblins (D:1)
  2 jackals (D:2)
  3 kobolds (D:1)
  A ball python (D:1)
  2 rats (D:1)
18 creatures vanquished.

Vanquished Creatures (others)
  A fungus (D:2)
1 creature vanquished.

Grand Total: 19 creatures vanquished

Notes
Turn   | Place    | Note
-------+----------+-------------------------------------------
     0 | D:1      | ytrimaz the Octopode Berserker began the quest for the Orb.
     0 | D:1      | Reached XP level 1. HP: 16/16 MP: 1/1
   290 | D:1      | Reached XP level 2. HP: 21/21 MP: 2/2
   851 | D:2      | Reached skill level 1 in Stealth
   864 | D:2      | Found a faded altar of an unknown god.
   884 | D:2      | HP: 1/21 [quokka (4)]
   889 | D:2      | Slain by a quokka

Illustrated notes

Levels and vault maps discovered:
D:1:      lemuel_arrival_hallway, layout_basic, minmay_heptomino_l4
D:2:      layout_rooms, basic_ecumenical_altar, serial_shops,
          nicolae_lakefront_shop, minmay_misc_feat_nine_boxes,
          uniq_crazy_yiuf_cottage, uniq_jessica

Skill      XL: |  1  2 |
---------------+-------+-----
Stealth        | 1 |  1.0
Fighting       | |  3.2
Dodging        | |  3.3
Unarmed Combat | |  3.3

Action                   || total
-------------------------++-------
Melee: Unarmed           ||    36
       Constrict         ||    10
       Tentacles         ||     7
Invok: Berserk           ||     1
  Use: Scroll            ||     2
 Stab: Sleeping          ||     7
Armor: Skin              ||     4
Dodge: Dodged            ||    24

Table legend: (Time is in decaauts)
 A = Elapsed time spent in this place.
 B = Non-inter-level travel time spent in this place.
 C = Inter-level travel time spent in this place.
 D = Time resting spent in this place.
 E = Time spent auto-exploring this place.
 F = Levels seen in this place.
 G = Mean time per level.
                   A        B        C        D        E       F      G
               +--------+--------+--------+--------+--------+-----+--------+
         Total |    886 |    883 |      3 |      0 |    719 |   2 |  443.0 |
       Dungeon |    886 |    883 |      3 |      0 |    719 |   2 |  443.0 |
               +--------+--------+--------+--------+--------+-----+--------+

Top non-repeatable levels by time:
     D:1: 745 daAuts
     D:2: 140 daAuts
